 Dungeon Crawl Stone Soup version 0.19-a0-1908-g43c011f (webtiles) character file.

58 Jorund the Chopper (level 3, -2/27 HPs)
             Began as a Demonspawn Gladiator on Oct 22, 2016.
             Blown up by Ijyb (22 damage)
             ... with a wand of disintegration
             ... on level 2 of the Dungeon.
             The game lasted 00:01:48 (1746 turns).

Jorund the Chopper (Demonspawn Gladiator)           Turns: 1746, Time: 00:01:49

Health: -2/27      AC:  5    Str: 16    XL:     3   Next: 75%
Magic:  3/3        EV: 12    Int:  9    God:
Gold:   89         SH:  0    Dex: 13    Spells: 0 memorised, 2 levels left

rFire  . . .     SeeInvis .     q - +2 hand axe (elec)
rCold  . . .     Gourm    .     b - +0 leather armour
rNeg   . . .     Faith    .     (no shield)
rPois  .         Spirit   .     (helmet restricted)
rElec  .         Reflect  .     o - +0 cloak
rCorr  .         Harm     .     n - +0 pair of gloves
MR     .....                    (no boots)
Stlth  +.........               (no amulet)
                                (no ring)
                                (no ring)

@: no status effects
A: antennae 1, powered by death 1
a: no special abilities


You were on level 2 of the Dungeon.
You were not hungry.

You visited 1 branch of the dungeon, and saw 2 of its levels.

You collected 89 gold pieces.

Inventory:

Hand Weapons
 a - a +0 war axe
 q - a +2 hand axe of electrocution (weapon)
Missiles
 d - 3 throwing nets (quivered)
Armour
 b - a +0 leather armour (worn)
 c - a +0 helmet
 n - a +0 pair of gloves (worn)
 o - a +0 cloak (worn)
Scrolls
 g - a scroll of immolation {unknown}
 i - a scroll of fear {unknown}
 l - a scroll of remove curse {unknown}
 p - a scroll of blinking {unknown}
Potions
 e - a potion of lignification {unknown}
 m - a potion of berserk rage {unknown}
 s - a potion of might {unknown}
Comestibles
 f - a bread ration
 h - a meat ration
 j - 3 fruits
 k - a royal jelly


   Skills:
 - Level 2.0 Fighting
 + Level 4.0 Axes
 - Level 1.7 Throwing
 + Level 1.1 Armour
 - Level 2.6 Dodging


You had 2 spell levels left.
You didn't know any spells.

Dungeon Overview and Level Annotations

Branches:
Dungeon (2/15)

Altars:
Nemelex Xobeh

Annotations:
D:2 Ijyb


Innate Abilities, Weirdness & Mutations

You have a pair of small antennae on your head.
You regenerate a little health from kills.


Message History

Ijyb hits you.
You hit Ijyb.
There is a sudden explosion of sparks!
Ijyb is almost dead.
You hit the plant but do no damage. Ijyb hits you but does no damage.
You miss Ijyb.
Ijyb is almost dead.
You hit the plant.
There is a sudden explosion of sparks!
Ijyb hits you but does no damage.
You barely miss Ijyb.
Ijyb is almost dead.
You hit the plant. Ijyb hits you but does no damage.
Unknown command.
You hit Ijyb.
Ijyb is almost dead.
You hit the plant but do no damage. Ijyb misses you.
You closely miss Ijyb.
Ijyb is almost dead.
You hit the plant but do no damage.
Ijyb zaps a wand.
You are blasted!
Ouch! That really hurt!
You die...

♣...♣♣PP..♣.P..♣..♣ . ♣
♣...♣.♣..P.♣♣♣P.♣♣♣ .♣..
♣♣..♣♣P.♣.♣...8P.P♣♣..♣
♣...♣..♣..♣P..[..)...P..♣
......♣......♣♣.8†⌠.8...♣P.♣
#.♣..P.♣.♣..P.PP......♣.PPP.
. ♣♣♣..♣.♣....♣.♣P8.P.♣♣.P♣♣
♣..P.§§♣.♣♣♣g♣♣P♣.♣ .♣P♣
♣.P.♣♣PP..P@...♣..♣ . ♣
♣...♣§♣§...♣♣♣..♣♣♣ P
♣♣♣##♣♣..♣♣##..♣P#
##PPr#####..# #..## ### ..##
###


You could see Ijyb.

Vanquished Creatures
  2 adders (D:2)
  A leopard gecko (D:1)
  2 giant cockroaches
  4 goblins
  2 hobgoblins
  7 jackals (D:2)
  2 kobolds
  4 quokkas (D:2)
  2 bats (D:1)
  3 frilled lizards (D:2)
  7 rats
36 creatures vanquished.

Notes
Turn   | Place    | Note
-------+----------+-------------------------------------------
     0 | D:1      | Jorund the Demonspawn Gladiator began the quest for the Orb.
     0 | D:1      | Reached XP level 1. HP: 16/16 MP: 1/1
   143 | D:1      | Found a sparkling altar of Nemelex Xobeh.
   194 | D:1      | Reached skill level 3 in Axes
   751 | D:1      | Gained mutation: You have a pair of small antennae on your head. [demonic ancestry]
   751 | D:1      | Reached XP level 2. HP: 22/22 MP: 2/2
  1315 | D:2      | Gained mutation: You regenerate a little health from kills. [demonic ancestry]
  1315 | D:2      | Reached XP level 3. HP: 23/27 MP: 3/3
  1395 | D:2      | Reached skill level 1 in Armour
  1568 | D:2      | Reached skill level 4 in Axes
  1725 | D:2      | Noticed Ijyb
  1746 | D:2      | Blown up by Ijyb

Vault maps used:
D:1:      onia_arrival_larder, nemelex_xobeh_ov_fountains_minmay
D:2:      wad_woods_tower, grunt_gozag_breadcrumbs, uniq_iyjb

Skill      XL: |  1  2  3 |
---------------+----------+-----
Axes           | 3 4 |  4.0
Armour         | 1 |  1.1
Fighting       | |  2.0
Throwing       | |  1.7
Dodging        | |  2.6

Action                   || total
-------------------------++-------
Melee: War axe           ||    37
       Hand axe          ||    68
 Stab: Sleeping          ||     1
  Eat: Chunk             ||     3
Armor: Leather armour    ||    30
Dodge: Dodged            ||    71
